 Dungeon Crawl Stone Soup version 0.29.0-4-gdea44cf6ec (webtiles) character file.

Game seed: 806740838633369467

58 qw the Chopper (level 4, -3/26 HPs)
             Began as a Tengu Warper on Aug 28, 2022.
             Slain by a hobgoblin
             ... wielding a +0 dagger
             ... led by Robin
              (11 damage)
             ... on level 2 of the Dungeon.
             The game lasted 00:00:08 (1061 turns).

qw the Chopper (Tengu Warper)                       Turns: 1061, Time: 00:00:09

Health: -3/26      AC:  4    Str: 13    XL:     4   Next: 2%
Magic:  8/8        EV: 12    Int: 14    God:
Gold:   39         SH:  0    Dex: 13    Spells: 7/7 levels left

rFire   . . .      SeeInvis .   Y - +1 hand axe
rCold   . . .      Faith    .   (no shield)
rNeg    + . .      Spirit   .   b - +0 leather armour
rPois   .          Reflect  .   (helmet restricted)
rElec   .          Harm     .   h - +0 cloak
rCorr   .          Rampage  .   (no gloves)
Will    .....                   (boots unavailable)
Stlth   +.........              (no amulet)
HPRegen 0.08/turn               f - ring of positive energy
MPRegen 0.11/turn               (no ring)

@: no status effects
A: beak, talons 3
a: no special abilities


You were on level 2 of the Dungeon.
You visited 1 branch of the dungeon, and saw 2 of its levels.

You collected 39 gold pieces.


Innate Abilities, Weirdness & Mutations

You have a beak for a mouth.
You have claws for feet.


   Skills:
 - Level 2.0 Fighting
 + Level 4.6 Axes
 - Level 1.0 Throwing
 - Level 1.1 Armour
 - Level 2.1 Dodging
 - Level 2.0 Spellcasting
 - Level 2.4 Translocations


You had 7 spell levels left.
You didn't know any spells.
Your spell library contained the following spells:

 Spells                   Type           Power      Damage    Failure   Level
 Blink                    Tloc           16%        N/A       17%         2
 Gell's Gravitas          Tloc           8%         N/A       34%         3
 Lesser Beckoning         Tloc           8%         N/A       34%         3
 Teleport Other           Tloc           8%         N/A       34%         3
 Manifold Assault         Tloc           8%         N/A       97%         5

Inventory:

Hand Weapons
 i - a +0 club
 Y - a +1 hand axe (weapon)
Armour
 b - a +0 leather armour (worn)
 c - the +2 pair of gloves of Springtime {Int+3 Dex+4}
   (You found it on level 2 of the Dungeon)

   Int:       It affects your intelligence (+3).
   Dex:       It affects your dexterity (+4).
 d - a +0 scale mail
 h - a +0 cloak (worn)
Jewellery
 f - a ring of positive energy (left hand)
Scrolls
 a - a scroll of identify
Potions
 e - a potion of curing {unknown}

Dungeon Overview and Level Annotations

Branches:
Dungeon (2/15)

Altars:


Message History

A goblin and a hobgoblin come into view.
The goblin shouts!
The hobgoblin shouts!
Robin barely misses you.
You see here 7 gold pieces.
You hit Robin.
Robin is moderately wounded.
A goblin comes into view. It is wielding a +0 club.
Robin roars a battlecry!
The goblins go into a battle-frenzy!
You hear a shout!
You hit Robin. Your kick misses Robin.
Robin is heavily wounded.
Robin hits you with a +5 club.
You hit Robin but do no damage. Your kick misses Robin.
Robin is heavily wounded.
Robin throws the goblin at you! The goblin hits you but does no damage.
The goblin barely misses you.
You closely miss Robin. Your kick misses Robin.
You peck Robin, but do no damage.
Robin is heavily wounded.
You hit the goblin. Robin hits you with a +5 club!
The goblin hits you but does no damage.
You hit Robin but do no damage. You claw Robin.
Robin is severely wounded.
You closely miss the goblin. You barely miss the goblin.
The goblin closely misses you.
A goblin comes into view. It is wielding a +0 club.
The goblin hits you with a +0 dagger. Robin barely misses you.
You hit Robin. Your kick misses Robin. Your peck misses Robin.
Robin is almost dead.
You hit the goblin.
You kill the goblin!
You hit the goblin but do no damage. Robin hits you with a +5 club.
The goblin hits you but does no damage.
You hit Robin.
You kill Robin!
You hit the hobgoblin. You hit the goblin.
You kill the goblin!
The hobgoblin hits you with a +0 dagger!
You die...

#.# #### #.#
#.. #.#
##.#### #.#
#.....
#.#####..###
#..).%)....#
#######..#....
#).# . #.@#
#.)g.g...#
#.#####.## #.#
#.# #.# .. #.


You could see a hobgoblin (strong) and a goblin.

Vanquished Creatures
  Robin (D:2)
  An adder (D:2)
  2 worms (D:2)
  2 dart slugs
  4 ball pythons
  2 bats (D:1)
  6 endoplasms
  A giant cockroach (D:2)
  6 goblins
  3 hobgoblins (D:1)
  4 kobolds
  A quokka (D:1)
  A frilled lizard (D:1)
  3 rats
37 creatures vanquished.

Notes
Turn   | Place    | Note
-------+----------+-------------------------------------------
     0 | D:1      | qw the Tengu Warper began the quest for the Orb.
     0 | D:1      | Reached XP level 1. HP: 12/12 MP: 4/4
     0 | D:1      | 0 ||| qw: Version: 0.1-a-89-g26bdef1
     0 | D:1      | 0 ||| qw: Game counter: 179
     0 | D:1      | 0 ||| qw: Always use a shield: true
     0 | D:1      | 0 ||| qw: God list: Okawaru
     0 | D:1      | 0 ||| qw: Allow faded altars: false
     0 | D:1      | 0 ||| qw: Do Orc after D:15 true
     0 | D:1      | 0 ||| qw: Do second Lair branch before Depths: true
     0 | D:1      | 0 ||| qw: Lair rune preference: random
     0 | D:1      | 0 ||| qw: Plans: Normal
     0 | D:1      | 0 ||| PLANNING D:1-11
    33 | D:1      | 33 ||| Stepping ~*~*~tactically~*~*~ (stealth).
    35 | D:1      | 35 ||| Stepping ~*~*~tactically~*~*~ (stealth).
    38 | D:1      | 38 ||| Stepping ~*~*~tactically~*~*~ (stealth).
    40 | D:1      | 40 ||| Stepping ~*~*~tactically~*~*~ (stealth).
    45 | D:1      | Reached skill level 3 in Axes
    45 | D:1      | Reached XP level 2. HP: 13/17 MP: 6/6
    49 | D:1      | 49 ||| Stepping ~*~*~tactically~*~*~ (stealth).
    94 | D:1      | 94 ||| Stepping ~*~*~tactically~*~*~ (stealth).
    99 | D:1      | 99 ||| Stepping ~*~*~tactically~*~*~ (stealth).
   375 | D:1      | Reached XP level 3. HP: 21/21 MP: 7/7
   412 | D:1      | Found a faded altar of an unknown god.
   645 | D:1      | 645 ||| UPGRADING to +0 cloak.
   650 | D:1      | 650 ||| UPGRADING to ring of positive energy.
   651 | D:1      | 651 ||| READING 2 scrolls labelled HAGAUSTIUFF.
   652 | D:1      | 652 ||| READING scroll labelled KUROAM EHINO.
   653 | D:1      | 653 ||| DROPPING scroll of blinking.
   674 | D:2      | 674 ||| Stepping ~*~*~tactically~*~*~ (hiding).
   682 | D:2      | Reached skill level 4 in Axes
   682 | D:2      | 682 ||| FLEEEEING.
   683 | D:2      | 683 ||| FLEEEEING.
   684 | D:2      | 684 ||| FLEEEEING.
   685 | D:2      | 685 ||| FLEEEEING.
   686 | D:2      | 686 ||| FLEEEEING.
   687 | D:2      | 687 ||| FLEEEEING.
   688 | D:2      | 688 ||| STAIRDANCE
   747 | D:2      | 747 ||| STAIRDANCE
   862 | D:2      | Identified the +2 pair of gloves of Springtime {Int+3
                  | Dex+4}
   930 | D:2      | 930 ||| FLEEEEING.
  1001 | D:2      | 1001 ||| Stepping ~*~*~tactically~*~*~ (stealth).
  1015 | D:2      | 1015 ||| FLEEEEING.
  1016 | D:2      | 1016 ||| FLEEEEING.
  1023 | D:2      | 1023 ||| Stepping ~*~*~tactically~*~*~ (stealth).
  1042 | D:2      | Reached XP level 4. HP: 25/26 MP: 8/8
  1050 | D:2      | Noticed Robin
  1051 | D:2      | 1051 ||| Stepping ~*~*~tactically~*~*~ (hiding).
  1061 | D:2      | Killed Robin
  1061 | D:2      | Slain by a hobgoblin

Levels and vault maps discovered:
D:1:      minmay_arrival_four_circles, layout_rooms, basic_ecumenical_altar
D:2:      layout_loops_ring, minmay_misc_feat_roman, uniq_robin

Skill      XL: |  1  2  3 |
---------------+----------+-----
Axes           | 3 4 |  4.6
Fighting       | |  2.0
Throwing       | |  1.0
Armour         | |  1.1
Dodging        | |  2.1
Spellcasting   | |  2.0
Translocations | |  2.4

Action                   |  1- 3 |  4- 6 || total
-------------------------+-------+-------++-------
Melee: Hand axe          |    60 |     7 ||    67
       Kick              |    17 |     1 ||    18
       Peck              |     9 |     1 ||    10
       Punch             |     1 |       ||     1
Throw: Boomerang         |     7 |       ||     7
  Use: Scroll            |     2 |       ||     2
Armor: Leather armour    |    10 |     4 ||    14
Dodge: Dodged            |    17 |     4 ||    21

Table legend:
 A = Non-vault XP
 B = Vault XP
 C = Vault XP percentage of total XP
 D = Non-vault monster count
 E = Vault monster count
 F = Vault count percentage of total count
                 A         B        C        D         E       F
            +---------+---------+-------+---------+---------+-------
      Total |      79 |      22 |  21.8 |      32 |       5 |  13.5
            +---------+---------+-------+---------+---------+-------
        D:1 |      41 |       0 |   0.0 |      22 |       0 |   0.0
        D:2 |      38 |      22 |  36.7 |      10 |       5 |  33.3
            +---------+---------+-------+---------+---------+-------
